 Dungeon Crawl Stone Soup version 0.23.1 (webtiles) character file.

Game seed: 4315664190899725587

20 Borgoz the Sneak (level 2, -2/20 HPs)
             Began as a Ghoul Enchanter on Mar 14, 2019.
             Slain by a bullfrog (6 damage)
             ... on level 2 of the Dungeon.
             The game lasted 00:01:50 (924 turns).

Borgoz the Sneak (Ghoul Enchanter)                   Turns: 924, Time: 00:01:51

Health: -2/20      AC:  2    Str: 11    XL:     2   Next: 79%
Magic:  2/3        EV: 12    Int: 10    God:
Gold:   99         SH:  0    Dex:  9    Spells: 3/4 levels left

rFire    . . .     SeeInvis .   a - +1 dagger
rCold    + . .     Gourm    .   (no shield)
rNeg     + + +     Faith    .   b - +0 robe
rPois    ∞         Spirit   .   (no helmet)
rElec    .         Reflect  .   (no cloak)
rCorr    .         Harm     .   (no gloves)
MR       .....                  (no boots)
Stlth    ++........             (no amulet)
HPRegen  0.00/turn              (no ring)
MPRegen  0.08/turn              (no ring)

@: rotting
A: rotting body, claws 1, carnivore, cold resistance 1, negative energy
resistance 3, inhibited regeneration, torment resistance, unbreathing
a: no special abilities


You were on level 2 of the Dungeon.
You were not hungry.

You visited 1 branch of the dungeon, and saw 2 of its levels.

You collected 99 gold pieces.

Inventory:

Hand Weapons
 a - a +1 dagger (weapon)
Armour
 b - a +0 robe (worn)
Scrolls
 e - a scroll of fear {unknown}
 g - a scroll of enchant weapon {unknown}
Potions
 c - a potion of resistance
 f - a potion of berserk rage {unknown}
 h - a potion of magic {unknown}
Comestibles
 d - a ration


   Skills:
 * Level 1.3 Short Blades
 * Level 0.6 Armour
 * Level 2.1 Dodging
 + Level 3.4 Stealth
 + Level 1.9 Spellcasting
 + Level 2.5 Hexes


You had 3 spell levels left.
You knew the following spells:

 Your Spells              Type           Power        Failure   Level  Hunger
a - Corona                Hex            #......      11%         1    ##.....

Your spell library contained the following spells:

 Spells                   Type           Power        Failure   Level  Hunger
 Ensorcelled Hibernation  Hex/Ice        #.....       28%         2    ###....
 Confuse                  Hex            #.......     32%         3    ####...
 Tukima's Dance           Hex            #.......     32%         3    ####...
 Dazzling Spray           Conj/Hex       #.....       50%         3    ####...


Dungeon Overview and Level Annotations

Branches:
Dungeon (2/15)

Altars:


Innate Abilities, Weirdness & Mutations

Your body is rotting away.
You thrive on raw meat.
You are immune to poison.
You have sharp fingernails.
You are carnivorous and can eat meat at any time.
Your flesh is cold resistant. (rC+)
You are immune to negative energy. (rN+++)
You do not regenerate when monsters are visible.
You are immune to unholy pain and torment.
You can survive without breathing.


Message History

* * * LOW HITPOINT WARNING * * *
You hit the bullfrog.
The bullfrog is moderately wounded.
The bullfrog barely misses you.
You hit the bullfrog but do no damage.
The bullfrog is moderately wounded.
The bullfrog hits you.
* * * LOW HITPOINT WARNING * * *
The bullfrog closely misses you.
Eat a chunk of flesh? (ye/n/q)
You eat the chunk of flesh.
This raw flesh tastes great!
The bullfrog barely misses you.
Okay, then.
You hit the bullfrog.
The bullfrog is heavily wounded.
The bullfrog barely misses you. The bullfrog closely misses you.
You hit the bullfrog.
The bullfrog is heavily wounded.
The bullfrog hits you.
You die...

#.# #.# #.# #.#
.. #.# .. #.# ##.
### #.# ..
##.###.# .#
##.#.##.##.##.##.
#.###...@Fs.....$
##.#.#####.#...#.
##.## .# .# #.#
.. #)# ### #.#
#.# #.# #..


You could see a bullfrog and a giant cockroach.

Vanquished Creatures
  A bat (D:1)
  2 goblins
  8 hobgoblins
  2 frilled lizards
  2 kobolds
  3 rats (D:1)
18 creatures vanquished.

Notes
Turn   | Place    | Note
-------+----------+-------------------------------------------
     0 | D:1      | Borgoz the Ghoul Enchanter began the quest for the Orb.
     0 | D:1      | Reached XP level 1. HP: 14/14 MP: 2/2
    44 | D:1      | Reached skill level 1 in Short Blades
   195 | D:1      | Reached XP level 2. HP: 19/19 MP: 3/3
   907 | D:2      | Noticed a bullfrog
   921 | D:2      | HP: 1/20 [bullfrog (4)]
   924 | D:2      | Slain by a bullfrog

Skill      XL: |  1  2 |
---------------+-------+-----
Short Blades   | 1 |  1.3
Dodging        | 2 |  2.1
Armour         | |  0.6
Stealth        | |  3.4
Spellcasting   | |  1.9
Hexes          | |  2.5

Action                   || total
-------------------------++-------
Melee: Dagger            ||    63
 Cast: Corona            ||     1
 Stab: Sleeping          ||     3
  Eat: Chunk             ||    12
Armor: Robe              ||     3
Dodge: Dodged            ||    38
